 Dungeon Crawl Stone Soup version 0.18.1-1-g2f07953 (webtiles) character file.

70 Eucla the Ruffian (level 4, 0/42 HPs)
             Began as a Troll Arcane Marksman on May 8, 2016.
             Succumbed to a gnoll's poison
             ... on level 2 of the Dungeon.
             The game lasted 00:01:58 (1376 turns).

Eucla the Ruffian (Troll Arcane Marksman)           Turns: 1376, Time: 00:01:58

Health: 0/42       AC:  5    Str: 19    XL:     4   Next: 4%
Magic:  2/4        EV:  9    Int:  9    God:
Gold:   131        SH:  0    Dex: 10    Spells: 1 memorised, 4 levels left

rFire  . . .     SeeInvis .       - Unarmed
rCold  . . .     Gourm    +     a - +0 robe
rNeg   . . .     Faith    .     (no shield)
rPois  .         Spirit   .     (helmet restricted)
rElec  .         Dismiss  .     (no cloak)
rCorr  .         Reflect  .     (gloves unavailable)
SustAt .         Harm     .     (boots unavailable)
MR     .....                    (no amulet)
Stlth  ..........               s - ring of loudness (curse)
                                e - ring of wizardry

@: lethally poisoned (0 -> -1), drained, not resistant to hostile enchantments,
extremely unstealthy
A: unfitting armour, claws 3, fast metabolism 3, gourmand, regeneration 2,
shaggy fur 1, tough skin 2
a: no special abilities


You were on level 2 of the Dungeon.
You were very full.

You visited 1 branch of the dungeon, and saw 2 of its levels.

You collected 131 gold pieces.

Inventory:

Missiles
 c - 4 large rocks (quivered)
 d - 2 throwing nets
Armour
 a - a +0 robe (worn)
Jewellery
 e - a ring of wizardry (left claw)
 o - an uncursed ring of sustain attributes
 s - a cursed ring of loudness (right claw)
Scrolls
 g - a scroll of fear {unknown}
 h - 3 scrolls of remove curse {unknown}
 k - a scroll of magic mapping {unknown}
 l - 3 scrolls of identify {unknown}
 m - a scroll of immolation {unknown}
 q - a scroll of enchant armour {unknown}
Potions
 p - a potion of curing {unknown}
 r - a potion of might {unknown}
 t - a potion of flight {unknown}
Books
 b - a book of Debilitation

   Spells                             Type                      Level
   a - Corona                         Hexes                        1
   b - Slow                           Hexes                        2
   c - Gell's Gravitas                Hexes/Translocation          3
   d - Inner Flame                    Hexes/Fire                   3
   e - Cause Fear                     Hexes                        4
   f - Leda's Liquefaction            Hexes/Earth                  4
Comestibles
 f - 3 bread rations
 i - 2 meat rations
 j - a beef jerky
 n - a slice of pizza


   Skills:
 + Level 2.0(1.6) Fighting
 - Level 1.7(1.3) Throwing
 - Level 1.5(1.1) Dodging
 * Level 2.8(2.3) Unarmed Combat
 - Level 1.0(0.5) Spellcasting
 - Level 2.0(1.5) Hexes


You had 4 spell levels left.
You knew the following spells:

 Your Spells              Type           Power        Failure   Level  Hunger
a - Corona                Hex            #......      9%          1    ##.....


Dungeon Overview and Level Annotations

Branches:
Dungeon (2/15)

Altars:


Innate Abilities, Weirdness & Mutations

You are too large for most types of armour.
You have claws for hands.
Your metabolism is lightning-fast.
You like to eat raw meat.
You heal very quickly.
You are covered in fur (AC +1).
You have very tough skin (AC +2).


Message History

The gnoll burns you. The rat bites you.
The gnoll hits you with a dagger of chaos!
* * * LOW HITPOINT WARNING * * *
The gnoll hits you with a dagger of chaos.
* * * LOW HITPOINT WARNING * * *
The rat bites you but does no damage. The gnoll hits you but does no damage.
The gnoll hits you with a dagger of chaos.
* * * LOW HITPOINT WARNING * * *
You feel your power leaking away. The rat bites you.
* * * LOW HITPOINT WARNING * * *
The gnoll hits you with a dagger of chaos.
* * * LOW HITPOINT WARNING * * *
The gnoll hits you with a dagger of chaos.
* * * LOW HITPOINT WARNING * * *
You are lethally poisoned!
The rat bites you but does no damage. The gnoll hits you but does no damage.
You can move again.
Unknown command.
You die...

...+.......#.≈ ...#≈##.##.......
...#.......##. .≈#.≈.#.#.......<
...#####'#.#.###o≈⌠⌠#.#.##.####.#
...#####.#.#⌠.≈≈..≈.≈ #.##.# #.#
...........#..##g≈##≈##'##.# #.#
.........#....#[≈#⌠#..#..######.#
.........#.##≈o.≈§.[.##..+.......
...........#≈#g##§..###..#....#..
...........##.≈)@# #. #.......)#.
##.........#.##gr# #..........
#..)...(..#≈#..... #..#.....#.
#........(###⌠#.⌠#..##..#.....#.
#......(...###.≈.. ##...#.....#.
#......(....##..#≈##....#.....#.
#......).....######.....#.......
#.....(.......# #.....#.....#.
#...).........# #.....#####.##


You could see 2 gnolls and a rat.

Vanquished Creatures
  2 adders (D:2)
  A gnoll (D:2)
  3 worms (D:2)
  2 giant geckos
  An orc (D:2)
  2 giant cockroaches
  2 goblins (D:1)
  4 hobgoblins
  5 bats
  7 kobolds
  4 rats (D:1)
33 creatures vanquished.

Notes
Turn   | Place    | Note
--------------------------------------------------------------
     0 | D:1      | Eucla the Troll Arcane Marksman began the quest for the Orb.
     0 | D:1      | Reached XP level 1. HP: 18/18 MP: 1/1
   104 | D:1      | Reached skill level 1 in Fighting
   305 | D:1      | Reached XP level 2. HP: 23/27 MP: 2/2
   408 | D:1      | Reached skill level 1 in Unarmed Combat
   714 | D:2      | Reached XP level 3. HP: 23/35 MP: 3/3
  1368 | D:2      | Reached XP level 4. HP: 34/42 MP: 4/4
  1369 | D:2      | Paralysed by a gnoll for 6 turns
  1374 | D:2      | HP: 2/42 [gnoll/dagger of chaos (2)]
  1376 | D:2      | Succumbed to a gnoll's poison

Skill      XL: |  1  2  3 |
---------------+----------+-----
Fighting       | 1 2 |  2.0
Unarmed Combat | 1 2 |  2.8
Throwing       | |  1.7
Dodging        | |  1.5
Spellcasting   | |  1.0
Hexes          | |  2.0

Action                   |  1- 3 |  4- 6 || total
-------------------------+-------+-------++-------
Melee: Unarmed           |    90 |     1 ||    91
 Cast: Corona            |     1 |       ||     1
  Eat: Chunk             |    16 |       ||    16
Armor: Robe              |    33 |     8 ||    41
Dodge: Dodged            |    51 |       ||    51
